 Dungeon Crawl Stone Soup version 0.19.5 (webtiles) character file.

236 Malomalsky the Covered (level 5, -1/49 HPs)
             Began as a Deep Dwarf Fighter on Mar 1, 2017.
             Was an Initiate of Ru.
             Slain by Crazy Yiuf
             ... wielding a +4 quarterstaff of chaos
              (3 damage)
             ... on level 3 of the Dungeon on Mar 24, 2017.
             The game lasted 00:20:14 (3278 turns).

Malomalsky the Covered (Deep Dwarf Fighter)         Turns: 3278, Time: 00:20:15

Health: -1/49      AC: 10    Str: 20    XL:     5   Next: 77%
Magic:  4/4        EV:  8    Int:  9    God:    Ru [......]
Gold:   188        SH:  9    Dex: 12    Spells: 0 memorised, 4 levels left

rFire  . . .     SeeInvis .     a - +1 war axe
rCold  . . .     Gourm    .     b - +0 scale mail
rNeg   . . .     Faith    .     c - +0 shield
rPois  .         Spirit   .     (no helmet)
rElec  .         Reflect  .     (no cloak)
rCorr  .         Harm     .     k - +2 pair of gloves
MR     .....                    (no boots)
Stlth  ..........               (no amulet)
                                (no ring)
                                (no ring)

@: non-regenerating
A: damage resistance, recharge devices, sense surroundings 1, slow regeneration
3
a: Device Recharging, Renounce Religion


You were on level 3 of the Dungeon.
You worshipped Ru.
Ru was noncommittal.
You were not hungry.

You visited 1 branch of the dungeon, and saw 3 of its levels.

You collected 188 gold pieces.

Inventory:

Hand Weapons
 a - a +1 war axe (weapon)
 l - a +0 hunting sling
Missiles
 h - 30 bolts
 n - 3 needles of sleeping
Armour
 b - a +0 scale mail (worn)
 c - a +0 shield (worn)
 j - a +0 robe
 k - a +2 pair of gloves (worn)
Jewellery
 t - a +3 ring of strength {unknown}
Wands
 e - a wand of heal wounds (9/9)
Scrolls
 d - 2 scrolls of fear {unknown}
 p - 2 scrolls of identify
 q - a scroll of blinking
 r - a scroll of remove curse
Potions
 g - a potion of curing
 o - 2 potions of degeneration {unknown}
 s - a potion of brilliance {unknown}
 u - a potion of cure mutation {unknown}
 v - a potion of lignification {unknown}
Comestibles
 f - 3 bread rations
 i - a meat ration
 m - 4 fruits


   Skills:
 + Level 3.3 Fighting
 + Level 4.1 Axes
 + Level 4.4 Armour
 + Level 1.8 Dodging
 + Level 1.1 Stealth
 + Level 4.2 Shields


You had 4 spell levels left.
You didn't know any spells.

Dungeon Overview and Level Annotations

Branches:
Dungeon (3/15)

Altars:
Ru

Annotations:
D:3 Crazy Yiuf


Innate Abilities, Weirdness & Mutations

You are resistant to damage.
You can recharge devices by infusing magical energy.
You passively map a small area around you.
You do not regenerate.


Message History

There is an open door here.
You open the door.
Crazy Yiuf the Enlightened comes into view.
He is wielding a quarterstaff of chaos.
Crazy Yiuf shouts!
Found a mace.
There is an open door here.
You barely miss Crazy Yiuf.
Crazy Yiuf says, "Cod!"
Crazy Yiuf hits you but does no damage.
You hit Crazy Yiuf.
Crazy Yiuf is moderately wounded.
Crazy Yiuf says, "Defame!"
You block Crazy Yiuf's attack.
Crazy Yiuf zaps a wand.
The puff of flame hits you!
* * * LOW HITPOINT WARNING * * *
It is a wand of flame.
You hit Crazy Yiuf.
Crazy Yiuf is heavily wounded.
Crazy Yiuf hits you with a quarterstaff of chaos.
You die...

.#######
#....#
###...# .#
♣....♣
#.#... ##
♣♣...♣
##..## ♣♣.♣♣
##.#. ♣♣.♣
#..# ♣.♣♣
#.## ♣♣.♣
#.# ♣.♣♣ #.#
# #@# #.#
###########
#.g.# #.#
..<.......#
#...#
#########.#
#########.#
#)..#
#.......#.##
# #.# #####
#######.....
# #.# #.....
# #.# ###
##.... # #.#
#.# ##.## #
#.# #.# #.#


You could see Crazy Yiuf.

Vanquished Creatures
  The ghost of Frank the Cudgeler, an amateur GrGl (D:3)
  An orc wizard (D:3)
  Ijyb (D:3)
  5 adders
  A worm (D:2)
  A dart slug (D:1)
  2 leopard geckos (D:1)
  An orc (D:3)
  A ball python (D:2)
  3 giant cockroaches
  5 goblins
  6 hobgoblins
  9 jackals
  8 kobolds
  A quokka (D:3)
  9 bats
  2 rats
57 creatures vanquished.

Notes
Turn   | Place    | Note
-------+----------+-------------------------------------------
     0 | D:1      | Malomalsky the Deep Dwarf Fighter began the quest for the Orb.
     0 | D:1      | Reached XP level 1. HP: 20/20 MP: 1/1
   168 | D:1      | Reached XP level 2. HP: 27/27 MP: 2/2
   661 | D:1      | Reached XP level 3. HP: 32/34 MP: 3/3
  1498 | D:2      | Reached skill level 1 in Dodging
  1947 | D:2      | Reached XP level 4. HP: 38/42 MP: 4/4
  2302 | D:3      | Found a runed door.
  2451 | D:3      | Found a sacrificial altar of Ru.
  2495 | D:3      | Became a worshipper of Ru the Awakened
  2559 | D:3      | Noticed Frank's ghost (amateur GrGl)
  2577 | D:3      | Killed Frank's ghost
  2577 | D:3      | Reached XP level 5. HP: 14/49 MP: 4/4
  2652 | D:3      | Reached skill level 1 in Stealth
  2696 | D:3      | Noticed Ijyb
  2708 | D:3      | Killed Ijyb
  3274 | D:3      | Noticed Crazy Yiuf
  3277 | D:3      | HP: 2/49 [Crazy Yiuf/wand of flame (6)]
  3278 | D:3      | Slain by Crazy Yiuf

Skill      XL: |  1  2  3  4  5 |
---------------+----------------+-----
Fighting       | 3 |  3.3
Dodging        | 1 |  1.8
Axes           | 3 4 |  4.1
Armour         | 4 |  4.4
Shields        | 4 |  4.2
Stealth        | 1 |  1.1

Action                   |  1- 3 |  4- 6 || total
-------------------------+-------+-------++-------
Melee: War axe           |   124 |    89 ||   213
 Abil: Device Recharging |       |     1 ||     1
  Use: Potion            |     5 |       ||     5
       Scroll            |     4 |     2 ||     6
 Stab: Paralysed         |       |     1 ||     1
  Eat: Fruit             |     2 |       ||     2
       Bread ration      |       |     1 ||     1
       Beef jerky        |       |     1 ||     1
Armor: Scale mail        |   115 |    50 ||   165
Dodge: Dodged            |    71 |    32 ||   103
Block: Shield            |   130 |    53 ||   183
